 Dungeon Crawl Stone Soup version 0.30-a0-4-ga7cffc901d (webtiles) character file.

Game seed: 14417825283592095229

1646 Zonian the Covert (level 8, -1/36 HPs)
             Began as a Spriggan Earth Elementalist on Aug 20, 2022.
             Was a Believer of Nemelex Xobeh.
             Slain by a gnoll sergeant
             ... wielding a +0 halberd
              (10 damage)
             ... in a bailey.
             The game lasted 00:17:13 (7935 turns).

Zonian the Covert (Spriggan Earth Elementalist)     Turns: 7935, Time: 00:17:43

Health: -1/36      AC:  3    Str:  4    XL:     8   Next: 67%
Magic:  14/19      EV: 23    Int: 18    God:    Nemelex Xobeh [**....]
Gold:   265        SH:  0    Dex: 16    Spells: 14/20 levels left

rFire   . . .      SeeInvis +    y - +2 short sword (elec)
rCold   . . .      Faith    .    (no shield)
rNeg    . . .      Spirit   .    a - +1 robe
rPois   +          Reflect  .    (helmet restricted)
rElec   .          Harm     .    (no cloak)
rCorr   .          Rampage  .    (gloves unavailable)
Will    +....                    (boots unavailable)
Stlth   ++++......               o - amulet of regeneration
HPRegen 0.92/turn                h - ring of poison resistance
MPRegen 0.16/turn                u - +4 ring of evasion

@: very quick
A: very small, no large weapons, unfitting armour, see invisible, speed 3
a: Renounce Religion, Draw Escape, Draw Destruction, Draw Summoning


You were in a bailey.
You worshipped Nemelex Xobeh.
Nemelex Xobeh was pleased with you.
You visited 2 branches of the dungeon, and saw 8 of its levels.
You also visited: Bailey.

You collected 301 gold pieces.
You spent 36 gold pieces at shops.

Inventory:

Hand Weapons
 i - a +3 dagger of flaming
 j - a +0 dagger
 y - a +2 short sword of electrocution (weapon)
Missiles
 r - 5 throwing nets
 s - a javelin
 x - 6 poisoned darts
Armour
 a - a +1 robe (worn)
Jewellery
 h - a ring of poison resistance (left hand)
 o - an amulet of regeneration (around neck)
 u - a +4 ring of evasion (right hand)
Wands
 d - a wand of light (11)
 t - a wand of flame (59)
Scrolls
 g - a scroll of vulnerability
 p - a scroll of enchant armour
 w - a scroll of immolation
Potions
 b - 2 potions of magic
 e - 2 potions of haste
 f - a potion of brilliance
 k - a potion of heal wounds
 m - a potion of flight {unknown}
 n - a potion of degeneration {unknown}
 q - a potion of cancellation {unknown}
 v - 3 potions of curing {unknown}


   Skills:
 - Level 4.8 Dodging
 + Level 8.8 Stealth
 + Level 6.8 Spellcasting
 + Level 2.4 Conjurations
 - Level 5.1 Transmutations
 + Level 5.5 Earth Magic


You had 14 spell levels left.
You knew the following spells:

 Your Spells              Type           Power      Damage    Failure   Level
a - Sandblast             Erth           52%        2d12      1%          1
b - Stone Arrow           Conj/Erth      40%        3d9       6%          3
c - Passwall              Tmut/Erth      20%        N/A       1%          2

Your spell library contained the following spells:

 Spells                   Type           Power      Damage    Failure   Level
 Petrify                  Tmut/Erth      25%        N/A       12%         4
 Ensorcelled Hibernation  Hex/Ice        12%        N/A       17%         2
 Scorch                   Fire           12%        2d5       17%         2
 Inner Flame              Hex/Fire       6%         N/A       32%         3
 Swiftness                Air            6%         N/A       32%         3
 Flame Wave               Conj/Fire      10%        2d6       54%         4
 Cause Fear               Hex            3%         N/A       73%         4
 Freezing Cloud           Conj/Ice/Air   4%         6-21      91%         5
 Simulacrum               Ice/Necr       3%         N/A       100%        6
 Summon Cactus Giant      Summ           3%         N/A       100%        6
 Discord                  Hex            3%         N/A       100%        8
 Polar Vortex             Ice            3%         N/A       100%        9


Dungeon Overview and Level Annotations

Branches:
Dungeon (7/15)             Temple (1/1) D:5          Bailey (1/1)

Altars:
Nemelex Xobeh
Sif Muna
Vehumet
Wu Jian

Shops:
D:4 (

Annotations:
D:2 1 runed translucent door, Crazy Yiuf
D:5 Dowan, Duvessa, Eustachio, Ijyb, Menkaure, Pikel


Innate Abilities, Weirdness & Mutations

You are very small and have problems with some larger weapons.
You are too small for most types of armour.
You have supernaturally acute eyesight. (SInv)
You cover ground extremely quickly. (Speed+++)


Message History

Unknown command.
You start resting.
Magic restored.
You start waiting.
Done waiting.
Unknown command.
Things that are here:
a +0 spear; a +0 ring mail
Items here: )) [[ †.
There is an open gate, spattered with blood here.
There is an open door here.
You now have 249 gold pieces (gained 11).
You now have 265 gold pieces (gained 16).
You open the door.
Unknown command.
There is an open door here.
You open the door.
A gnoll sergeant and 2 gnolls come into view.
The gnoll sergeant shouts!
A gnoll comes into view. It is wielding a +0 halberd.
Unknown command.
There is an open door here.
You can't see any susceptible monsters within range! (Use Z to cast anyway.)
The blast of sand hits the gnoll but does no damage.
The blast of sand hits the gnoll but does no damage.
The gnoll closely misses you.
The blast of sand misses the gnoll.
The gnoll completely misses you.
Unknown command.
The blast of sand hits the gnoll!
You kill the gnoll!
The blast of sand hits the gnoll sergeant.
The gnoll sergeant is lightly wounded.
The gnoll sergeant hits you from afar with a +0 halberd!
The blast of sand hits the gnoll sergeant.
The gnoll sergeant is moderately wounded.
The gnoll sergeant hits you from afar with a +0 halberd!
* * * LOW HITPOINT WARNING * * *
The gnoll sergeant hits you from afar with a +0 halberd!
You die...
Your body glows slightly and disappears.

###### ...≈≈♣♣ ##.8...
#..≈.♣ ##..g.. #..≈.♣♣ ♣
#...gg #..≈..♣♣ ♣≈ #....
##### #..≈...♣ ♣≈. #...
##...## #..≈...♣
♣≈..##'###.....######.)≈...♣
♣≈......#.......#...'.......
♣≈......'g.@8...'...'))....)
♣≈......#.......#...).......
♣≈..##+###.....######..≈...♣
♣≈.. ##...## #..≈..♣♣ ♣≈.
##### #..≈..♣ ♣≈ #..≈..♣ ♣≈
#..≈.♣♣ #..≈.♣


You could see a gnoll sergeant.

Vanquished Creatures
  2 black bears
  An ice beast (D:6)
  An ogre (D:6)
  A centaur (D:3)
  A phantom (D:6)
  A kobold brigand (D:6)
  2 bullfrogs
  A necrophage (D:4)
  3 scorpions
  A gnoll sergeant (Bailey)
  A howler monkey (D:5)
  A jelly (D:6)
  3 orc priests (D:6)
  A gnoll bouda (Bailey)
  3 hounds
  An iguana (D:4)
  Terence (D:3)
  An orc wizard (D:4)
  8 gnolls
  9 adders
  A shadow imp (D:6)
  2 worms
  2 dart slugs
  11 orcs
  4 bats
  9 endoplasms
  4 giant cockroaches
  15 goblins
  7 hobgoblins
  2 jackals (D:1)
  16 kobolds
  4 quokkas
  4 ball pythons
  A frilled lizard (D:1)
  7 rats
132 creatures vanquished.

Vanquished Creatures (others)
  A worm (D:3)
  A fungus (D:2)
2 creatures vanquished.

Grand Total: 134 creatures vanquished

Notes
Turn   | Place    | Note
-------+----------+-------------------------------------------
     0 | D:1      | Zonian the Spriggan Earth Elementalist began the quest for
                  | the Orb.
     0 | D:1      | Reached XP level 1. HP: 9/9 MP: 5/5
   131 | D:1      | Found a faded altar of an unknown god.
   150 | D:1      | Prayed at the altar of an unknown god.
   150 | D:1      | Became a worshipper of Nemelex Xobeh the Trickster
   150 | D:1      | Reached * piety under Nemelex Xobeh
   150 | D:1      | Received a gift from Nemelex Xobeh
   238 | D:1      | Reached XP level 2. HP: 13/13 MP: 4/6
  1012 | D:1      | Reached XP level 3. HP: 16/16 MP: 5/8
  1292 | D:2      | Found a runed translucent door.
  1296 | D:2      | Noticed Crazy Yiuf
  1648 | D:2      | Reached skill level 4 in Stealth
  1648 | D:2      | Reached XP level 4. HP: 21/21 MP: 7/10
  2187 | D:3      | Noticed Terence
  2806 | D:3      | Noticed a centaur
  3283 | D:4      | Found Edwam's Firing Range.
  3287 | D:4      | Bought a throwing net for 36 gold pieces
  3306 | D:4      | Noticed a necrophage
  3341 | D:4      | Noticed a scorpion
  3363 | D:4      | Killed a scorpion
  3364 | D:4      | Reached XP level 5. HP: 24/24 MP: 8/11
  3421 | D:4      | Reached skill level 5 in Stealth
  3678 | D:4      | Found an ornate altar of the Wu Jian Council.
  3709 | D:4      | Found a radiant altar of Vehumet.
  3871 | D:4      | Reached XP level 6. HP: 28/28 MP: 6/13
  4466 | D:3      | Received a gift from Nemelex Xobeh
  4932 | D:3      | Killed Terence
  5012 | D:3      | Learned a level 3 spell: Stone Arrow
  5015 | D:3      | Learned a level 2 spell: Passwall
  5206 | D:5      | Entered Level 5 of the Dungeon
  5206 | D:5      | Reached ** piety under Nemelex Xobeh
  5221 | D:5      | Reached skill level 6 in Stealth
  5221 | D:5      | Reached XP level 7. HP: 11/32 MP: 10/15
  5339 | D:5      | Noticed Eustachio
  5400 | D:5      | Noticed Menkaure
  5455 | D:5      | Noticed Duvessa
  5455 | D:5      | Noticed Dowan
  5456 | D:5      | Noticed Ijyb
  5466 | D:5      | Noticed Pikel
  5500 | D:5      | Found a staircase to the Ecumenical Temple.
  5518 | D:5      | Noticed Edmund
  5535 | Temple   | Entered the Ecumenical Temple
  5671 | D:5      | Noticed Edmund
  5671 | D:5      | Edmund changed into Edmund the bullfrog
  5676 | D:5      | Killed Edmund the bullfrog
  5677 | D:5      | Reached skill level 5 in Spellcasting
  5818 | D:5      | Reached skill level 5 in Transmutations
  6282 | D:6      | Reached skill level 7 in Stealth
  6314 | D:6      | Found a shimmering blue altar of Sif Muna.
  6361 | D:6      | Reached skill level 1 in Conjurations
  6450 | D:6      | Reached XP level 8. HP: 28/36 MP: 12/17
  6553 | D:6      | Reached skill level 5 in Earth Magic
  6596 | D:6      | Reached skill level 8 in Stealth
  7272 | D:7      | Found a flagged portal.
  7302 | Bailey   | Entered a bailey
  7935 | Bailey   | Slain by a gnoll sergeant

Illustrated notes

Levels and vault maps discovered:
D:1:      minmay_arrival_cross, layout_basic,
          ebering_ecumenical_altar_sacrificial, minmay_misc_feat_encased
D:2:      layout_rooms, minmay_pentomino_o4, uniq_crazy_yiuf_cottage
D:3:      layout_basic, lightli_sewer_entry_pipes, minmay_pentomino_pile,
          uniq_terence
D:4:      layout_cave_pools, kennysheep_mini_moat, vehumet_altar_wand_db,
          minmay_fountain_box, nicolae_shop_firing_range
D:5:      layout_basic, minmay_temple_entry_drinking_statues, uniq_eustachio,
          uniq_edmund, uniq_ijyb, uniq_pikel, uniq_menkaure, uniq_duvessa
D:6:      layout_basic, lemuel_crystal_altar
D:7:      layout_loops_ring, mainiacjoe_overflow_cross_hatched,
          mainiacjoe_overflow_catch_the_wave, nzn_ghost_randoct, enter_bailey_3
Temple:   eino_temple_water
Bailey:   bailey_polearm_gnolls_kennysheep, bailey

Skill      XL: |  1  2  3  4  5  6  7  8 |
---------------+-------------------------+-----
Dodging        | 3 4 |  4.8
Spellcasting   | 3 4 5 6 |  6.8
Transmutations | 2 3 4 5 |  5.1
Earth Magic    | 3 4 5 |  5.5
Stealth        | 4 5 6 7 8 |  8.8
Conjurations   | 1 2 |  2.4

Action                   |  1- 3 |  4- 6 |  7- 9 || total
-------------------------+-------+-------+-------++-------
Melee: Dagger            |       |    25 |     3 ||    28
       Short sword       |       |       |    11 ||    11
Throw: Dart              |       |     2 |       ||     2
 Cast: Sandblast         |    57 |   109 |    98 ||   264
       Stone Arrow       |       |       |     3 ||     3
Invok: Draw Destruction  |       |     3 |     4 ||     7
Evoke: Wand              |       |     1 |     6 ||     7
  Use: Scroll            |       |     4 |    12 ||    16
 Stab: Distracted        |       |     1 |       ||     1
       Sleeping          |       |     2 |     1 ||     3
       Invisible         |       |       |     4 ||     4
Armor: Robe              |     2 |     7 |     2 ||    11
Dodge: Dodged            |    17 |    94 |    91 ||   202

Table legend: (Time is in decaauts)
 A = Elapsed time spent in this place.
 B = Non-inter-level travel time spent in this place.
 C = Inter-level travel time spent in this place.
 D = Time resting spent in this place.
 E = Time spent auto-exploring this place.
 F = Levels seen in this place.
 G = Mean time per level.
                   A        B        C        D        E       F      G
               +--------+--------+--------+--------+--------+-----+--------+
         Total |   6624 |   6553 |     71 |   2807 |   2500 |   9 |  736.0 |
       Dungeon |   5886 |   5815 |     71 |   2203 |   2500 |   7 |  840.9 |
        Temple |    134 |    134 |      0 |    133 |      0 |   1 |  134.0 |
        Bailey |    603 |    603 |      0 |    471 |      0 |   1 |  603.0 |
               +--------+--------+--------+--------+--------+-----+--------+

Top non-repeatable levels by time:
     D:4: 1446 daAuts
     D:2: 1135 daAuts
     D:6: 1022 daAuts
     D:1: 959 daAuts
     D:3: 877 daAuts
  Bailey: 603 daAuts
     D:5: 400 daAuts
  Temple: 134 daAuts
     D:7: 43 daAuts
